 Dungeon Crawl Stone Soup version 0.31.0-32-g396128a36d (webtiles) character file.

Game seed: 15308480977227495513

194 monsoonserge the Ruffian (level 5, 0/34 HPs)
             Began as an Octopode Shapeshifter on Apr 8, 2024.
             Slain by Crazy Yiuf
             ... wielding a +3 quarterstaff of chaos
              (2 damage)
             ... on level 3 of the Dungeon.
             The game lasted 00:06:19 (1891 turns).

monsoonserge the Ruffian (Octopode Shapeshifter)    Turns: 1891, Time: 00:06:20

Health: 0/34       AC:  1    Str: 15    XL:     5   Next: 73%
Magic:  5/5        EV: 13    Int: 13    God:
Gold:   91         SH:  0    Dex: 11    Spells: 4/4 levels left

rFire   . . .        p - +2 dagger (venom)
rCold   . . .        (no shield)
rNeg    . . .        (helmet currently unavailable)
rPois   .            e - amulet of regeneration
rElec   .            (no ring)
rCorr   .            (no ring)
SInv    .            (no ring)
Will    .....        (no ring)
Stlth   +++          (no ring)
HPRegen 1.05/turn    (no ring)
MPRegen 0.09/turn    (no ring)
                     (no ring)

%: no passive effects
@: beast-form
A: beast (slay +1), almost no armour, amphibious, 8 rings, camouflage 1,
gelatinous body 1, (nimble swimmer 1), tentacles
a: Begin Untransformation


You were on level 3 of the Dungeon.
You were a hulking beast.
You visited 1 branch of the dungeon, and saw 3 of its levels.

You collected 91 gold pieces.

Inventory:

Hand Weapons
 p - a +2 dagger of venom (weapon)
Missiles
 i - 4 boomerangs (quivered)
Jewellery
 e - an amulet of regeneration (around mantle)
Talismans
 b - a beast talisman
 c - a flux talisman
 o - a blade talisman
Scrolls
 g - a scroll of revelation {unknown}
 j - 2 scrolls of identify {unknown}
 k - a scroll of teleportation {unknown}
 m - a scroll of torment {unknown}
Potions
 a - a potion of lignification
 d - a potion of mutation {unknown}
 f - a potion of brilliance {unknown}
 h - 2 potions of attraction {unknown}
 l - 2 potions of curing {unknown}
 n - a potion of heal wounds {unknown}


   Skills:
 - Level 2.0 Fighting
 * Level 0.0 Short Blades
 - Level 2.0 Dodging
 - Level 2.0 Stealth
 - Level 5.4 Unarmed Combat
 + Level 3.3 Shapeshifting


You had 4 spell levels left.
You didn't know any spells.
Your spell library contained the following spells:

 Spells                   Type           Power      Damage    Failure   Level
 Magic Dart               Conj           0%         1d3       30%         1
 Necrotise                Necr           0%         1d4       30%         1
 Searing Ray              Conj           0%         2d4       43%         2
 Call Canine Familiar     Summ           0%         N/A       67%         3
 Sigil of Binding         Hex            0%         N/A       67%         3
 Tukima's Dance           Hex            0%         N/A       67%         3
 Vampiric Draining        Necr           0%         2d6       67%         3
 Dimensional Bullseye     Hex/Tloc       0%         N/A       97%         4
 Fulminant Prism          Conj/Alch      0%         3d5       97%         4
 Martyr's Knell           Necr/Summ      0%         N/A       97%         4
 Passage of Golubria      Tloc           0%         N/A       97%         4
 Curse of Agony           Necr           0%         N/A       100%        5
 Yara's Violent Unravell  Hex/Alch       0%         3d3       100%        5


Dungeon Overview and Level Annotations

Branches:
Dungeon (3/15)

Altars:

Shops:
D:3 !

Annotations:
D:3 Crazy Yiuf


Innate Abilities, Weirdness & Mutations

You are a hulking beast.
Your limbs bulge with bestial killing power. (Slay +1)
You cannot wear most types of armour.
You are amphibious.
You can wear up to eight rings at the same time.
Your skin changes colour to match your surroundings (Stealth+).
Your rubbery body absorbs attacks. (AC +1, EV +1)
((You are camouflaged when in or above water. (Stealth+)))
You have tentacles for arms and can constrict up to eight enemies at once.


Message History

You hit Natasha.
Natasha looks as sick as possible!
You grab Natasha.
Natasha is moderately wounded.
You constrict Natasha. Natasha closely misses you.
You hit Natasha.
You kill Natasha!
You feel Natasha's spirit has finally been put to rest.
The cerulean imp disappears in a puff of smoke!
You see here the felid corpse of Natasha.
You are a hulking beast.
You have 6 tentacles available for constriction.
Your movement speed is average.
Your attack delay is about 1.0.
Your damage rating with your +2 dagger of venom is about 7 (Base 4 x 102% (Dex) x 103% (Skill) + 3 (Ench + Slay)).
A ball python comes into view.
The helpless ball python fails to defend itself.
You puncture the ball python!
You kill the ball python!
You see here the felid corpse of Natasha.
There is a shaft here.
You now have 91 gold pieces (gained 19).
You see here a +0 hand axe.
There is an escape hatch in the ceiling here.
You see here a +0 dagger.
You are a hulking beast.
You have 6 tentacles available for constriction.
Your movement speed is average.
Your attack delay is about 1.0.
Your damage rating with your +2 dagger of venom is about 7 (Base 4 x 102% (Dex) x 103% (Skill) + 3 (Ench + Slay)).
Press: ? - help, v - describe, . - travel
Here: Crazy Yiuf, wielding a +3 quarterstaff of chaos and wearing a +0 cloak (wandering, hasn't noticed you, fire blocked by a runed translucent door)
The floor.
You open the door.
There is an open translucent door here.
Crazy Yiuf shouts!
Crazy Yiuf hits you with a +3 quarterstaff of chaos!
Ouch! That really hurt!
You hit Crazy Yiuf.
Crazy Yiuf is poisoned.
Your grab misses Crazy Yiuf.
Crazy Yiuf is lightly wounded.
Crazy Yiuf hits you with a +3 quarterstaff of chaos!
* * * LOW HITPOINT WARNING * * *
Crazy Yiuf burns you.
You die...

.#.##....### ♣...♣♣
...###.....# ♣♣.♣♣
#.## ###.### ♣.♣♣
#.# #..# ♣♣.♣ #)#
#..# ♣.♣♣ #(# #..#
♣♣.♣ #.# #..# ##'##
#.# #..## #...# ).#
#...# #.h.# #.#
#...# #.g)# #.#
##..# ##### ..# #.##
#.#######.### ###
#...........######.#
#.#######.####.....#
#.## #.# #.#####
#..# #.####.#


You could see Crazy Yiuf (very poisoned).

Vanquished Creatures
  Natasha (thrice) (D:3)
  Robin (D:3)
  4 adders
  A dart slug (D:2)
  A ribbon worm (D:2)
  2 orcs
  5 endoplasms
  A giant cockroach (D:2)
  15 goblins
  4 hobgoblins (D:3)
  5 quokkas
  11 ball pythons
  5 bats
  4 frilled lizards
  4 kobolds
  3 rats
69 creatures vanquished.

Notes
Turn   | Place    | Note
-------+----------+-------------------------------------------
     0 | D:1      | monsoonserge the Octopode Shapeshifter began the quest for
                  | the Orb.
     0 | D:1      | Reached XP level 1. HP: 13/13 MP: 1/1
    49 | D:1      | Reached skill level 1 in Stealth
   111 | D:1      | Reached XP level 2. HP: 18/18 MP: 2/2
   719 | D:2      | Identified the +3 scale mail of Leig {rElec}
   782 | D:2      | Reached XP level 3. HP: 24/24 MP: 3/3
  1173 | D:3      | Noticed Natasha
  1182 | D:3      | Killed Natasha
  1183 | D:3      | Reached skill level 4 in Unarmed Combat
  1183 | D:3      | Reached XP level 4. HP: 12/29 MP: 4/4
  1331 | D:3      | Found a runed translucent door.
  1332 | D:3      | Noticed Crazy Yiuf
  1370 | D:3      | Noticed Natasha
  1376 | D:3      | Noticed Robin
  1395 | D:3      | Killed Natasha
  1400 | D:3      | Reached XP level 5. HP: 31/31 MP: 5/5
  1405 | D:3      | Reached skill level 5 in Unarmed Combat
  1413 | D:3      | Killed Robin
  1448 | D:3      | Found Feumnebb's Distillery.
  1722 | D:3      | Noticed Natasha
  1726 | D:3      | Killed Natasha
  1891 | D:3      | Slain by Crazy Yiuf

Illustrated notes

Levels and vault maps discovered:
D:1:      dpeg_arrival_pond, layout_basic, hex_tiny, kennysheep_doodads,
          corexii_leaking_fountain
D:2:      layout_rooms, minivault_23
D:3:      layout_loops_ring, serial_shops, nicolae_shop_just_a_little_nook,
          minmay_bisected, uniq_crazy_yiuf_cottage, uniq_natasha, uniq_robin

Skill      XL: |  1  2  3  4  5 |
---------------+----------------+-----
Stealth        | 1 2 |  2.0
Fighting       | 2 |  2.0
Unarmed Combat | 4 5 |  5.4
Dodging        | |  2.0
Shapeshifting  | |  3.3

Action                     |  1- 3 |  4- 6 || total
---------------------------+-------+-------++-------
  Melee: Unarmed           |    72 |    66 ||   138
         Constrict         |    15 |     8 ||    23
         Tentacles         |     9 |     7 ||    16
         Punch             |     1 |     2 ||     3
         Dagger            |       |     5 ||     5
    Use: Potion            |       |     1 ||     1
   Stab: Sleeping          |     7 |     2 ||     9
 Armour: Skin              |    20 |    92 ||   112
  Dodge: Dodged            |    48 |    17 ||    65
